 Dungeon Crawl Stone Soup version 0.17.0-26-gececa24 (webtiles) character file.

888 Fungeon the Cudgeler (level 8, 27/49 HPs)
             Began as a Gargoyle Berserker on Nov 19, 2015.
             Was a Priest of Trog.
             Starved to death
             ... on level 6 of the Dungeon on Nov 20, 2015.
             The game lasted 00:37:01 (4419 turns).

Fungeon the Cudgeler (Gargoyle Berserker)           Turns: 4419, Time: 00:37:01

Health: 27/49      AC: 15    Str: 23    XL:     8   Next: 6%
Magic:  8/8        EV: 11    Int:  8    God:    Trog [***...]
Gold:   87         SH:  0    Dex:  9    Spells: 0 memorised, 7 levels left

rFire  . . .     SeeInvis .     w - +1 flail (pain)
rCold  . . .     Clarity  .     h - +0 scale mail
rNeg   + . .     SustAt   .     (no shield)
rPois  ∞         Gourm    .     (no helmet)
rElec  +         Spirit   .     t - +0 cloak
rCorr  .         Warding  .     e - +0 pair of gloves
rMut   .         Stasis   .     (no boots)
MR     .....                    (no amulet)
Stlth  ..........               (no ring)
                                m - +1 ring of protection

@: exhausted, fainting, not resistant to hostile enchantments, extremely
unstealthy
A: negative energy resistance 1, electricity resistance, unbreathing,
petrification resistance, rot immunity, AC +5
a: Berserk, Trog's Hand, Burn Spellbooks, Renounce Religion


You were on level 6 of the Dungeon.
You worshipped Trog.
Trog was most pleased with you.
You were fainting.

You visited 1 branch of the dungeon, and saw 5 of its levels.

You collected 87 gold pieces.

Inventory:

Hand Weapons
 a - a +0 mace
 g - a +0 short sword
 p - a +0 short sword
 u - a +0 hunting sling
 w - a +1 flail of pain (weapon)
 C - a +0 flail
 F - a +0 dire flail
Missiles
 d - 53 stones (quivered)
 f - 30 poisoned needles
 r - 35 arrows
Armour
 b - a +0 animal skin
 e - a +0 pair of gloves (worn)
 h - a +0 scale mail (worn)
 t - a +0 cloak (worn)
Jewellery
 m - a +1 ring of protection (left hand)
Wands
 E - a wand of flame (17)
Scrolls
 i - 2 scrolls of enchant armour {unknown}
 k - 2 scrolls of random uselessness {unknown}
 l - 2 scrolls of remove curse {unknown}
 n - a scroll of magic mapping {unknown}
 v - a scroll of teleportation {unknown}
 D - 2 scrolls of fear {unknown}
Potions
 j - a potion of flight {unknown}
 o - a potion of might {unknown}
 q - a potion of invisibility {unknown}
 x - a potion of heal wounds
 z - a potion of lignification {unknown}
 A - a potion of berserk rage {unknown}
 B - a potion of curing


   Skills:
 + Level 5.1 Fighting
 * Level 5.7 Maces & Flails
 + Level 4.5 Armour
 + Level 4.3 Dodging
 + Level 1.4 Stealth


You had 7 spell levels left.
You didn't know any spells.

Dungeon Overview and Level Annotations

Branches:
Dungeon (6/15)
 Temple: D:4-7

Altars:
Dithmenos
Kikubaaqudgha


Innate Abilities, Weirdness & Mutations

You are resistant to torment.
Your stone body is resilient (AC +5).
You are immune to poison.
You resist negative energy.
You are resistant to electric shocks.
You can survive without breathing.
You are immune to petrification.
You are immune to rotting.


Message History

You feel slightly more hungry.
You hit the hungry ghost.
The hungry ghost is heavily damaged.
The hound bites you but does no damage. The hound closely misses you.
The hungry ghost hits you.
You feel slightly more hungry. The hound bites you but does no damage.
You closely miss the hungry ghost.
The hungry ghost is heavily damaged.
You feel yourself speed up. The hound closely misses you.
The hungry ghost hits you.
You feel slightly more hungry. The hound barely misses you.
The hungry ghost hits you.
You feel slightly more hungry.
You closely miss the hungry ghost.
The hungry ghost is heavily damaged.
The hound bites you but does no damage. The hungry ghost hits you.
The hound barely misses you.
You closely miss the hungry ghost.
The hungry ghost is heavily damaged.
You have starved to death.
You die...

## #.### ## #..W## ###
.#..#...@# #.######
.......h######......##
........##...#.......#
.............'.......#
....######...#......##
# ##..
.......#......##.. #.
...#$...##......... +
... ##.(.##.....##..
## #..........#


You could see a hungry ghost and a hound.

Vanquished Creatures
  Grinder (D:3)
  Edmund (D:6)
  A water moccasin (D:3)
  A black bear (D:6)
  An ogre (D:6)
  Terence (D:2)
  2 worker ants (D:6)
  4 gnolls (D:4)
  9 adders
  An ooze (D:2)
  3 worms
  4 giant geckos
  8 orcs
  2 ball pythons (D:3)
  4 giant cockroaches
  7 goblins
  6 hobgoblins
  13 jackals
  8 kobolds
  4 quokkas
  8 bats
  3 giant newts
  11 rats
103 creatures vanquished.

Notes
Turn   | Place    | Note
--------------------------------------------------------------
     0 | D:1      | Fungeon the Gargoyle Berserker began the quest for the Orb.
     0 | D:1      | Reached XP level 1. HP: 14/14 MP: 1/1
   234 | D:1      | Reached XP level 2. HP: 12/19 MP: 2/2
   933 | D:2      | Reached XP level 3. HP: 24/24 MP: 3/3
   949 | D:2      | Reached ** piety under Trog
  1406 | D:2      | Noticed Terence
  1412 | D:2      | Killed Terence
  1412 | D:2      | Reached skill level 4 in Fighting
  1412 | D:2      | Reached XP level 4. HP: 29/29 MP: 4/4
  2867 | D:3      | Reached XP level 5. HP: 31/34 MP: 5/5
  2878 | D:3      | Noticed a water moccasin
  2892 | D:3      | Killed a water moccasin
  2892 | D:3      | Reached skill level 1 in Stealth
  3206 | D:3      | Reached XP level 6. HP: 35/39 MP: 6/6
  3302 | D:3      | Noticed Grinder
  3305 | D:3      | Paralysed by Grinder for 7 turns
  3330 | D:3      | Killed Grinder
  3330 | D:3      | Reached XP level 7. HP: 27/44 MP: 7/7
  3909 | D:4      | Reached *** piety under Trog
  4073 | D:4      | Reached skill level 5 in Maces & Flails
  4096 | D:4      | Found a shadowy altar of Dithmenos.
  4237 | D:4      | You fall through a shaft for 2 floors!
  4323 | D:6      | Noticed Edmund
  4329 | D:6      | Killed Edmund
  4329 | D:6      | Reached skill level 5 in Fighting
  4332 | D:6      | Found an ancient bone altar of Kikubaaqudgha.
  4344 | D:6      | Noticed a hungry ghost
  4399 | D:6      | Reached XP level 8. HP: 49/49 MP: 8/8
  4419 | D:6      | Starved to death

Action                   |  1- 3 |  4- 6 |  7- 9 || total
-------------------------+-------+-------+-------++-------
Melee: Mace              |   100 |   151 |       ||   251
       Flail             |       |    35 |   170 ||   205
Invok: Berserk           |     2 |     1 |     3 ||     6
  Use: Potion            |       |     2 |       ||     2
       Scroll            |       |       |     1 ||     1
 Stab: Distracted        |     1 |       |       ||     1
       Sleeping          |     1 |       |       ||     1
  Eat: Chunk             |     2 |     8 |     5 ||    15
       Bread ration      |       |       |     3 ||     3
       Beef jerky        |       |       |     2 ||     2
